 Dungeon Crawl Stone Soup version 0.31-a0-765-g67fe2935dc (webtiles) character file.

Game seed: 7559984676820964165

3235 Pixllover the Basher (level 9, 0/60 HPs)
             Began as a Gargoyle Berserker on Sept 16, 2023.
             Was a Priest of Trog.
             Slain by a gnoll bouda
             ... wielding a +0 club
              (4 damage)
             ... on level 6 of the Dungeon.
             The game lasted 00:13:49 (6044 turns).

Pixllover the Basher (Gargoyle Berserker)           Turns: 6044, Time: 00:13:49

Health: 0/60       AC: 20    Str: 28    XL:     9   Next: 98%
Magic:  9/9        EV:  9    Int:  8    God:    Trog [***...]
Gold:   260        SH: 13    Dex:  9    Spells: 8/8 levels left

rFire   . . .        b - +0 flail
rCold   . . .        w - +0 kite shield
rNeg    + . .        f - +1 chain mail
rPois   ∞            (no helmet)
rElec   +            (no cloak)
rCorr   .            (no gloves)
SInv    .            q - +0 pair of boots
Will    +....        u - amulet "Agoagyrr" {Reflect Str+3 SH+5} Stlth
                     (no ring)
HPRegen 0.30/turn    (no ring)
MPRegen 0.11/turn

%: reflection
@: weakened, enlightened, flying
A: sickness immunity, AC +6, negative energy resistance 1, electricity
resistance, torment resistance 1, petrification resistance
a: Renounce Religion, Berserk, Trog's Hand


You were on level 6 of the Dungeon.
You worshipped Trog.
Trog was most pleased with you.
You visited 1 branch of the dungeon, and saw 6 of its levels.
You also visited: Sewer.

You collected 260 gold pieces.

Inventory:

Hand Weapons
 b - a +0 flail (weapon)
 v - a +2 flail of holy wrath
Missiles
 d - 5 poisoned darts (quivered)
 e - 2 javelins
 i - 6 silver javelins
 t - a throwing net
Armour
 f - a +1 chain mail (worn)
 q - a +0 pair of boots (worn)
 w - a +0 kite shield (worn)
Jewellery
 s - an amulet of guardian spirit
 u - the amulet "Agoagyrr" (around neck) {Reflect Str+3 SH+5}
   (You found it on level 4 of the Dungeon)

   [amulet of reflection]

   Reflect:   It reflects blocked missile attacks.
   Str+3:     It affects your strength (+3).
   SH+5:      It affects your SH (+5).
 x - a +6 ring of intelligence
Wands
 j - a wand of digging (3)
 m - a wand of flame (11)
 y - a wand of polymorph (7)
Scrolls
 c - a scroll of noise
 h - a scroll of enchant armour
 k - a scroll of vulnerability
 l - 5 scrolls of revelation
 n - a scroll of blinking {unknown}
 o - a scroll of summoning {unknown}
 p - a scroll of torment {unknown}
 r - 4 scrolls of identify
Potions
 g - a potion of curing


   Skills:
 + Level 8.3 Fighting
 + Level 9.7 Maces & Flails
 + Level 0.2 Throwing
 + Level 8.8 Armour
 + Level 5.0 Dodging
 + Level 5.4 Shields


You had 8 spell levels left.
You didn't know any spells.
Your spell library was empty.

Dungeon Overview and Level Annotations

Branches:
Dungeon (6/15)             Temple (0/1) D:5           Sewer (visited)

Altars:
Okawaru

Shops:
D:1 (   D:5 (


Innate Abilities, Weirdness & Mutations

You are immune to sickness and miasma.
Your stone body is resilient. (AC +6)
You are immune to poison.
You resist negative energy. (rN+)
You are resistant to electric shocks. (rElec)
You are resistant to unholy torment.
You are immune to petrification.


Message History

Unknown command.
You hit the orc but do no damage. You block the orc warrior's attack.
The gnoll bouda barks out a call to the hunt!
The gnoll picks up the pace!
You block the gnoll's attack. The orc hits you with a +0 flail.
* * * LOW HITPOINT WARNING * * *
The gnoll hits you from afar with a +0 heavy spear.
* * * LOW HITPOINT WARNING * * *
It was a potion of experience.
You feel more experienced!
Your Fighting skill gained 2 levels and is now at level 8!
Your Maces & Flails skill increases to level 9!
Your Armour skill gained 2 levels and is now at level 8!
Your Dodging skill gained 3 levels and is now at level 5!
Your Shields skill gained 5 levels and is now at level 5!
You have reached level 9!
Your experience leads to an increase in your attributes!
Your base attributes are Str 23, Int 8, Dex 9.
Increase (S)trength, (I)ntelligence, or (D)exterity?
You feel stronger. x2
The gnoll hits you from afar with a +0 halberd.
* * * LOW HITPOINT WARNING * * *
You block the orc warrior's attack. The gnoll bouda barely misses you.
You block the orc's attack.
You barely miss the gnoll bouda.
The gnoll bouda is lightly wounded.
You block the gnoll's attack.
The orc warrior hits you but does no damage.
You block the gnoll bouda's attack. You block the gnoll's attack.
The orc barely misses you.
You barely miss the gnoll bouda.
The gnoll bouda is lightly wounded.
You block the orc warrior's attack. The gnoll bouda barely misses you.
The gnoll hits you but does no damage. You block the orc's attack.
The gnoll hits you but does no damage.
You sock the gnoll bouda!
The gnoll bouda is severely wounded.
The orc warrior barely misses you.
The gnoll bouda hits you with a +0 club.
You die...

##.... #o#
.###.
###### #.#
# . ##o#
######..#
##....o.##
#ooo.####
#gg###
#.o.#
##@)#
##go...>.
O......
.##...# ##
...# ..#
..


You could see an orc warrior, an ogre, a gnoll bouda, an orc priest, 2 gnolls
and 3 orcs.

Vanquished Creatures
  A troll (D:5)
  Sigmund (D:4)
  Edmund (D:5)
  Pargi (Sewer)
  A black bear (D:5)
  An ice beast (D:5)
  A centaur (D:5)
  A phantom (D:5)
  A gnoll sergeant (D:5)
  A scorpion (D:5)
  2 jellies
  2 gnoll boudas (D:5)
  2 orc priests
  4 iguanas
  13 gnolls
  A river rat (D:3)
  8 adders
  A white imp (D:6)
  A dart slug (D:2)
  11 orcs
  7 endoplasms
  5 giant cockroaches
  5 goblins
  8 hobgoblins
  5 jackals (Sewer)
  A quokka (D:2)
  7 ball pythons
  5 bats
  2 frilled lizards
  10 kobolds
  5 rats
115 creatures vanquished.

Notes
Turn   | Place    | Note
-------+----------+-------------------------------------------
     0 | D:1      | Pixllover the Gargoyle Berserker began the quest for the
                  | Orb.
     0 | D:1      | Reached XP level 1. HP: 14/14 MP: 1/1
    59 | D:1      | You fall into a shaft and drop 1 floor!
   124 | D:2      | Reached XP level 2. HP: 10/19 MP: 2/2
   393 | D:1      | Reached XP level 3. HP: 16/23 MP: 3/3
   783 | D:1      | Found Xiwnoud's Weapon Shoppe.
  1498 | D:2      | Reached skill level 4 in Maces & Flails
  1531 | D:2      | Reached ** piety under Trog
  1779 | D:3      | Reached XP level 4. HP: 26/29 MP: 4/4
  1851 | D:3      | Found a faded altar of an unknown god.
  2224 | D:3      | Found a glowing drain.
  2255 | D:3      | Reached XP level 5. HP: 21/33 MP: 5/5
  2267 | Sewer    | Entered a sewer
  2425 | Sewer    | Noticed Pargi
  2437 | Sewer    | Killed Pargi
  2438 | Sewer    | Reached skill level 5 in Maces & Flails
  2520 | D:3      | Reached XP level 6. HP: 38/38 MP: 6/6
  3149 | D:4      | Noticed Sigmund
  3183 | D:4      | Killed Sigmund
  3326 | D:4      | Found an iron altar of Okawaru.
  3462 | D:4      | Reached XP level 7. HP: 44/44 MP: 7/7
  4107 | D:4      | Identified the amulet "Agoagyrr" {Reflect Str+3 SH+5}
  4256 | D:5      | Entered Level 5 of the Dungeon
  4297 | D:5      | Found a staircase to the Ecumenical Temple.
  4334 | D:5      | Found Adeppick's Antique Weapon Shop.
  4359 | D:5      | Reached skill level 5 in Fighting
  4463 | D:5      | Reached skill level 6 in Maces & Flails
  4468 | D:5      | Reached skill level 5 in Armour
  4605 | D:5      | Noticed Edmund
  4620 | D:5      | Reached XP level 8. HP: 42/50 MP: 8/8
  5332 | D:5      | Reached skill level 7 in Maces & Flails
  5433 | D:5      | Reached *** piety under Trog
  5521 | D:5      | Killed Edmund
  5669 | D:5      | Noticed a troll
  5680 | D:5      | Killed a troll
  5681 | D:5      | Reached skill level 8 in Maces & Flails
  6041 | D:6      | Reached skill level 9 in Maces & Flails
  6041 | D:6      | Reached skill level 5 in Dodging
  6041 | D:6      | Reached skill level 5 in Shields
  6041 | D:6      | Reached XP level 9. HP: 9/60 MP: 9/9
  6044 | D:6      | Slain by a gnoll bouda

Illustrated notes

Levels and vault maps discovered:
D:1:      heliophobic_arrival_dark_side_of_the_moon, layout_basic, serial_shops,
          nicolae_shop_window_shopping, st_stairs_7, minivault_24,
          hangedman_abyss_or_decor_lesser_grid, feat_on_display
D:2:      layout_basic, serial_aquarium, aquarium_bridge_straight
          [aquarium_subvault_bridge, aquarium_subvault_wall,
          aquarium_subvault_bridge, aquarium_subvault_wall],
          aquarium_bridge_square [aquarium_subvault_balcony,
          aquarium_subvault_bridge, aquarium_subvault_bridge,
          aquarium_subvault_window], aquarium_window_corridor_3,
          aquarium_window_1, aquarium_view_2d, minmay_misc_feat_hallway
D:3:      layout_loops_cross, portal_sewer_entry_c,
          hellmonk_ecumenical_altar_prayer_group
D:4:      layout_layer_cave, mainiacjoe_overflow_alcove_1, uniq_sigmund
D:5:      layout_loops_ring, minmay_temple_entry_statues_fountains,
          serial_shops, shop, chequers_serial_rivers_room_b, minmay_small_thing,
          uniq_edmund
D:6:      layout_layer_cave, uniq_eustachio

Skill      XL: |  1  2  3  4  5  6  7  8 |
---------------+-------------------------+-----
Maces & Flails | 4 5 6 9 |  9.7
Dodging        | 2 5 |  5.0
Fighting       | 4 5 8 |  8.3
Armour         | 3 4 5 8 |  8.8
Shields        | 5 |  5.4
Throwing       | |  0.2

Action                     |  1- 3 |  4- 6 |  7- 9 || total
---------------------------+-------+-------+-------++-------
  Melee: Mace              |   110 |   125 |       ||   235
         Punch             |     1 |     1 |     7 ||     9
         Flail             |       |    18 |   202 ||   220
  Throw: Dart              |       |     2 |       ||     2
 Invoke: Berserk           |       |     2 |     3 ||     5
         Trog's Hand       |       |     1 |     2 ||     3
    Use: Scroll            |     1 |     5 |       ||     6
         Potion            |       |       |     4 ||     4
   Stab: Sleeping          |     1 |       |       ||     1
 Armour: Animal skin       |    36 |       |       ||    36
         Chain mail        |   114 |   211 |   265 ||   590
  Dodge: Dodged            |   114 |   117 |   154 ||   385
  Block: Kite shield       |       |       |    36 ||    36
         Reflection        |       |       |     1 ||     1

Table legend: (Time is in decaauts)
 A = Elapsed time spent in this place.
 B = Non-inter-level travel time spent in this place.
 C = Inter-level travel time spent in this place.
 D = Time resting spent in this place.
 E = Time spent auto-exploring this place.
 F = Levels seen in this place.
 G = Mean time per level.
                   A        B        C        D        E       F      G
               +--------+--------+--------+--------+--------+-----+--------+
         Total |   6155 |   5794 |    361 |    531 |   3414 |   7 |  879.3 |
       Dungeon |   5892 |   5531 |    361 |    495 |   3319 |   6 |  982.0 |
         Sewer |    262 |    262 |      0 |     36 |     94 |   1 |  262.0 |
               +--------+--------+--------+--------+--------+-----+--------+

Top non-repeatable levels by time:
     D:4: 1560 daAuts
     D:5: 1409 daAuts
     D:3: 1045 daAuts
     D:2: 968 daAuts
     D:1: 780 daAuts
   Sewer: 262 daAuts
     D:6: 127 daAuts
